 Dungeon Crawl Stone Soup version 0.19-a0-734-ge18daf0 (webtiles) character file.

93 HAL9000 the Slasher (level 4, -3/40 HPs)
             Began as a Minotaur Chaos Knight on June 22, 2016.
             Slain by a small abomination (14 damage)
             ... summoned by the capriciousness of Xom
             ... on level 3 of the Dungeon.
             The game lasted 00:04:09 (2058 turns).

HAL9000 the Slasher (Minotaur Chaos Knight)         Turns: 2058, Time: 00:04:09

Health: -3/40      AC:  5    Str: 18    XL:     4   Next: 37%
Magic:  3/3        EV: 11    Int:  9    God:    Xom [..*...]
Gold:   165        SH:  0    Dex:  9    Spells: 0 memorised, 3 levels left

rFire  . . .     SeeInvis .     a - +1 falchion (chaos)
rCold  . . .     Gourm    .     b - +2 leather armour
rNeg   . . .     Faith    .     (no shield)
rPois  .         Spirit   .     (helmet restricted)
rElec  .         Dismiss  .     (no cloak)
rCorr  .         Reflect  .     (no gloves)
SustAt .         Harm     .     (no boots)
MR     .....                    (no amulet)
Stlth  +.........               (no ring)
                                (no ring)

@: not resistant to hostile enchantments, very unstealthy
A: retaliatory headbutt, horns 2
a: Renounce Religion


You were on level 3 of the Dungeon.
You worshipped Xom.
You were a toy of Xom.
You were hungry.

You visited 1 branch of the dungeon, and saw 3 of its levels.

You collected 165 gold pieces.

Inventory:

Hand Weapons
 a - a +1 falchion of chaos (weapon)
Missiles
 k - 4 tomahawks (quivered)
Armour
 b - a +2 leather armour (worn)
Scrolls
 e - a scroll of identify
 h - 2 scrolls of enchant weapon
 o - 4 scrolls of teleportation {unknown}
 q - 2 scrolls of magic mapping {unknown}
 r - a scroll of fog {unknown}
Potions
 d - a potion of brilliance
 f - a potion of resistance {unknown}
 i - a potion of heal wounds {unknown}
 s - a potion of agility {unknown}
Comestibles
 c - 4 bread rations
 j - 2 beef jerkies
 l - a royal jelly
 m - a meat ration
 p - a slice of pizza


   Skills:
 + Level 4.2 Fighting
 * Level 5.4 Long Blades
 + Level 3.2 Armour
 - Level 1.1 Dodging


You had 3 spell levels left.
You didn't know any spells.

Dungeon Overview and Level Annotations

Branches:
Dungeon (3/15)

Altars:
Nemelex Xobeh
Uskayaw
Zin


Innate Abilities, Weirdness & Mutations

You reflexively headbutt those who attack you in melee.
You have a pair of horns on your head.


Message History

Really walk into that cloud of mutagenic fog? [Y]es or [N]o only, please.
Really walk into that cloud of mutagenic fog?
Okay, then.
The small abomination hits you!
The small abomination is engulfed in mutagenic fog. x2
The small abomination closely misses you.
You furiously retaliate!
You headbutt the small abomination!
The small abomination barely misses you.
You furiously retaliate!
You headbutt the small abomination.
The small abomination is engulfed in mutagenic fog.
The small abomination is engulfed in mutagenic fog. x2
The small abomination hits you!
* * * LOW HITPOINT WARNING * * *
Okay, then.
The small abomination is engulfed in mutagenic fog.
The small abomination is engulfed in mutagenic fog. x2
The small abomination closely misses you.
The small abomination hits you!
You die...

##.###.## ##...##..#
#### ##§....##.# ...#
###§§.....#.# ####
#...§._.....#
###########.#.§.x...###
............##.§...##
###########..##.xx##
##..##@## ##....#
######


You could see 3 small abominations.

Vanquished Creatures
  3 adders
  3 dart slugs
  2 giant geckos
  An orc (D:3)
  9 bats
  4 giant cockroaches
  5 goblins
  8 hobgoblins
  5 kobolds
  A quokka (D:2)
  4 ball pythons
  2 giant newts
  8 rats
55 creatures vanquished.

Notes
Turn   | Place    | Note
--------------------------------------------------------------
     0 | D:1      | HAL9000 the Minotaur Chaos Knight began the quest for the Orb.
     0 | D:1      | Reached XP level 1. HP: 19/19 MP: 0/0
   122 | D:1      | XOM: harmless Tloc miscast
   159 | D:1      | Reached skill level 4 in Long Blades
   200 | D:1      | Reached XP level 2. HP: 25/27 MP: 1/1
   553 | D:2      | Reached XP level 3. HP: 31/33 MP: 2/2
   742 | D:2      | XOM: god gift: 10 gold pieces {god gift}
   766 | D:2      | XOM: harmless Tmut miscast
   858 | D:2      | Reached skill level 5 in Long Blades
   862 | D:2      | Found a hide-covered altar of Uskayaw.
  1348 | D:3      | Reached XP level 4. HP: 40/40 MP: 3/3
  1709 | D:3      | Found a sparkling altar of Nemelex Xobeh.
  1814 | D:3      | Found a glowing silver altar of Zin.
  1984 | D:3      | XOM: cloud trail
  2052 | D:3      | XOM is BORED!
  2052 | D:3      | XOM: medium Summ miscast
  2053 | D:3      | Noticed a small abomination
  2053 | D:3      | Noticed a small abomination
  2053 | D:3      | Noticed a small abomination
  2058 | D:3      | Slain by a small abomination

Vault maps used:
D:1:      dpeg_arrival_pits
D:2:      minmay_item_behind_shaft, lemuel_tele_altar
D:3:      nicolae_overflow_crystal_walls, lemuel_round_altar

Skill      XL: |  1  2  3 |
---------------+----------+-----
Long Blades    | 4 5 |  5.4
Fighting       | 4 |  4.2
Armour         | 3 |  3.2
Dodging        | |  1.1

Action                   |  1- 3 |  4- 6 || total
-------------------------+-------+-------++-------
Melee: Falchion          |    80 |    26 ||   106
       Headbutt          |     1 |     2 ||     3
  Use: Scroll            |     3 |       ||     3
  Eat: Chunk             |     1 |     2 ||     3
Armor: Leather armour    |    38 |     8 ||    46
Dodge: Dodged            |    56 |    11 ||    67
